 Dungeon Crawl Stone Soup version 0.19-a0-1792-g28b16ba (webtiles) character file.

1344 4thArraOfDagon the Grappler (level 8, -1/75 HPs)
             Began as a Troll Monk on Oct 4, 2016.
             Was a Believer of Qazlal.
             Slain by a hippogriff (6 damage)
             ... on level 7 of the Dungeon.
             The game lasted 00:05:44 (1240 turns).

4thArraOfDagon the Grappler (Troll Monk)            Turns: 1240, Time: 00:05:45

Health: -1/75      AC:  5    Str: 20      XL:     8   Next: 36%
Magic:  8/8        EV: 11    Int:  8      God:    Qazlal [**....]
Gold:   93         SH:  3    Dex: 11 (12) Spells: 0 memorised, 7 levels left

rFire  . . .     SeeInvis .       - Unarmed
rCold  . . .     Gourm    +     a - +0 robe
rNeg   . . .     Faith    .     (no shield)
rPois  +         Spirit   .     (helmet restricted)
rElec  .         Dismiss  .     (no cloak)
rCorr  +         Reflect  .     (gloves unavailable)
MR     .....     Harm     .     (boots unavailable)
Stlth  +.........               i - amulet of regeneration
                                s - ring of poison resistance
                                k - ring of resist corrosion

@: no status effects
A: unfitting armour, claws 3, fast metabolism 3, gourmand, regeneration 1,
shaggy fur 1, tough skin 2
a: Upheaval, Renounce Religion


You were on level 7 of the Dungeon.
You worshipped Qazlal.
Qazlal was pleased with you.
You were very full.

You visited 2 branches of the dungeon, and saw 10 of its levels.

You collected 93 gold pieces.

Inventory:

Armour
 a - a +0 robe (worn)
Jewellery
 i - an amulet of regeneration (around neck)
 k - a ring of resist corrosion (left claw)
 s - a ring of poison resistance (right claw)
Wands
 e - a wand of random effects (22/48)
 f - a wand of disintegration (5/24)
 j - a wand of hasting (3/9)
 p - a wand of confusion (33/48)
Scrolls
 l - 3 scrolls of enchant weapon {unknown}
 n - a scroll of fear {unknown}
 q - a scroll of immolation
 r - a scroll of teleportation {unknown}
 u - a scroll of magic mapping {unknown}
Potions
 c - a potion of magic
 d - 2 potions of curing
 g - a potion of heal wounds {unknown}
 o - 2 potions of might {unknown}
 t - a potion of cure mutation {unknown}
Comestibles
 b - 2 bread rations
 h - a meat ration
 m - a slice of pizza


   Skills:
 + Level 3.5 Fighting
 + Level 3.3 Dodging
 - Level 1.1 Stealth
 * Level 9.3 Unarmed Combat
 + Level 2.5 Invocations


You had 7 spell levels left.
You didn't know any spells.

Dungeon Overview and Level Annotations

Branches:
Dungeon (9/15)             Temple (1/1) D:7             Orc (0/2) D:9
   Lair: D:8-11

Altars:
Gozag
Hepliaklqana
Kikubaaqudgha
Qazlal
Trog
Uskayaw
Vehumet
Xom
Zin


Innate Abilities, Weirdness & Mutations

You are too large for most types of armour.
You have claws for hands.
Your metabolism is lightning-fast.
You like to eat raw meat.
Your natural rate of healing is unusually fast.
You are covered in fur. (AC +1)
You have very tough skin. (AC +2)


Message History

* * * LOW HITPOINT WARNING * * *
You are too injured to fight recklessly!
Unknown command.
Unknown command.
You scratch the hippogriff. Your claw misses the hippogriff.
The hippogriff is almost dead.
The hippogriff barely misses you. The hippogriff pecks you.
* * * LOW HITPOINT WARNING * * *
The hippogriff claws you but does no damage.
Unknown command.
Unknown command.
Unknown command.
You barely miss the hippogriff.
The hippogriff is almost dead.
You block the shadow imp's attack. The hippogriff bites you!
* * * LOW HITPOINT WARNING * * *
The hippogriff pecks you.
* * * LOW HITPOINT WARNING * * *
The hippogriff claws you.
You die...

###.#...... .#.
..........##....
................
................
................
................
#
......H........
.......@5..#
...........#
.........>##
...#.....## ##
#######


You could see a hippogriff and a shadow imp.

Vanquished Creatures
  An ice beast (D:8)
  A sky beast (D:7)
  A phantom (D:8)
  A necrophage (D:9)
  An ogre (D:5)
  A centaur (D:9)
  A crocodile (D:7)
  A big kobold (D:9)
  3 bullfrogs
  2 crimson imps
  A quasit (D:8)
  2 hounds
  A centaur skeleton (D:5)
  A bullfrog skeleton (D:8)
  2 orc priests
  An iguana (D:9)
  2 orc wizards
  2 worker ants (D:6)
  A hound zombie (D:6)
  2 worker ant zombies (D:6)
  4 adders
  A shadow imp (D:9)
  9 orcs
  A hobgoblin (D:3)
  A quokka (D:6)
  2 bats
  6 kobolds (D:9)
  A quokka skeleton (D:6)
  2 rats (D:2)
55 creatures vanquished.

Notes
Turn   | Place    | Note
-------+----------+-------------------------------------------
     0 | D:1      | 4thArraOfDagon the Troll Monk began the quest for the Orb.
     0 | D:1      | Reached XP level 1. HP: 22/22 MP: 0/0
    82 | D:2      | Reached XP level 2. HP: 18/29 MP: 1/1
   157 | D:3      | Reached skill level 4 in Unarmed Combat
   157 | D:3      | Reached XP level 3. HP: 26/36 MP: 2/2
   209 | D:4      | Reached skill level 5 in Unarmed Combat
   209 | D:4      | Reached XP level 4. HP: 12/44 MP: 3/3
   217 | D:5      | Entered Level 5 of the Dungeon
   247 | D:5      | Found a shimmering altar of Xom.
   253 | D:5      | Reached XP level 5. HP: 31/50 MP: 4/4
   285 | D:6      | Reached skill level 6 in Unarmed Combat
   352 | D:5      | Noticed an ogre
   360 | D:5      | Killed an ogre
   360 | D:5      | Reached XP level 6. HP: 50/59 MP: 5/5
   482 | D:6      | Reached skill level 7 in Unarmed Combat
   640 | D:7      | Noticed a sky beast
   670 | D:7      | Killed a sky beast
   670 | D:7      | Reached skill level 8 in Unarmed Combat
   670 | D:7      | Reached XP level 7. HP: 57/66 MP: 6/6
   673 | D:7      | Found a staircase to the Ecumenical Temple.
   684 | Temple   | Entered the Ecumenical Temple
   745 | Temple   | Became a worshipper of Qazlal Stormbringer
   745 | Temple   | Reached * piety under Qazlal
   745 | Temple   | Reached ** piety under Qazlal
   924 | D:7      | You fall through a shaft for 2 floors!
   965 | D:9      | Reached skill level 1 in Invocations
   996 | D:9      | Found a staircase to the Orcish Mines.
  1061 | D:8      | Reached XP level 8. HP: 68/75 MP: 8/8
  1102 | D:8      | Reached skill level 9 in Unarmed Combat
  1227 | D:7      | Noticed a hippogriff
  1240 | D:7      | Slain by a hippogriff

Vault maps used:
D:1:      ncdulo_wetmaze, serial_park_tiny_2
D:2:      nemelex_xobeh_ov_fountains_minmay, lemuel_doored_altar
D:3:      minmay_goblin_kobold_house, uniq_robin, uniq_sigmund
D:4:      lemuel_round_altar, kennysheep_little_box, serial_shops,
          nicolae_shop_behind_doors, first_bread, minmay_ruptured
D:5:      xom_butterflies
D:6:      minmay_misc_feat_x
D:7:      lemuel_coloured_pillars_altar, serial_shops, shop, grunt_ogre_cave
D:8:      uniq_erica, uniq_pikel
D:9:      ashenzari_altar_1, nicolae_ru_path_of_blood,
          nicolae_tso_carved_into_rock, lair_0_dummy
Temple:   hc_temple_tempest_star

Skill      XL: |  1  2  3  4  5  6  7  8 |
---------------+-------------------------+-----
Unarmed Combat | 4 5 6 8 9 |  9.3
Invocations    | 1 2 |  2.5
Fighting       | 3 |  3.5
Dodging        | 3 |  3.3
Stealth        | |  1.1

Action                   |  1- 3 |  4- 6 |  7- 9 || total
-------------------------+-------+-------+-------++-------
Melee: Unarmed           |    33 |    63 |   105 ||   201
       Punch             |     1 |     5 |     4 ||    10
Evoke: Wand              |       |       |     3 ||     3
  Use: Scroll            |       |     4 |     3 ||     7
  Eat: Chunk             |     6 |     3 |     6 ||    15
Armor: Robe              |     9 |    11 |    30 ||    50
Dodge: Dodged            |    17 |    22 |    38 ||    77
Block: Other             |       |       |    16 ||    16
